 Dungeon Crawl Stone Soup version bcrawl-1.28.5 (console) character file.

Game seed: 1987667091443863391

165976 GodsVoicemail the Magician (level 9, 0/65 HPs)
             Began as a Demonspawn Wizard on Feb 19, 2021.
             Was a Follower of Ashenzari.
             Slain by a two-headed ogre
             ... wielding a +0 giant spiked club
              (16 damage)
             ... on level 6 of the Dungeon.
             The game lasted 01:18:28 (10755 turns).

GodsVoicemail the Magician (Demonspawn Wizard)     Turns: 10755, Time: 01:18:28

Health: 0/65       AC:  7    Str:  7    XL:     9   Next: 21%
Magic:  8/18       EV: 18    Int: 24    God:    Ashenzari [*.....]
Gold:   301        SH:  4    Dex: 16    Spells: 7/21 levels left

rFire    + . .     SeeInvis .   a - +5 dagger (venom)
rCold    . . .     Gourm    .   (no shield)
rNeg     . . .     Faith    .   p - +2 robe {rF+}
rPois    .         Spirit   .   h - +0 hat
rElec    .         Reflect  .   u - +0 cloak
rCorr    .         Harm     .   (no gloves)
MR       .....     Clarity  +   g - +1 pair of boots
Stlth    +++++.....             (no amulet)
HPRegen  0.20/turn              (no ring)
MPRegen  0.16/turn              (no ring)

@: agile, very slightly contaminated
A: antennae 1, hooves 1, large bone plates 1, clarity, nightstalker 2, powered
by death 2
a: Curse Item, Scrying, Renounce Religion


You were on level 6 of the Dungeon.
You worshipped Ashenzari.
Ashenzari was aware of your devotion.
You were not hungry.

You visited 2 branches of the dungeon, and saw 7 of its levels.
You also visited: Sewer and Ossuary.

You collected 301 gold pieces.

Inventory:

Hand Weapons
 a - a +5 dagger of venom (weapon)
 k - a +1 falchion
 y - a +0 staff
Missiles
 c - 168 poisoned tomahawks (quivered)
 s - 2 throwing nets {=f}
Armour
 g - a +1 pair of boots (worn)
 h - a +0 hat (worn)
 p - a +2 robe of fire resistance (worn)
 u - a +0 cloak (worn)
Jewellery
 A - an uncursed amulet of faith
Wands
 b - a wand of polymorph (9)
 q - a wand of paralysis (2)
 v - a wand of digging (9)
Scrolls
 d - 2 scrolls of blinking
 j - 5 scrolls of teleportation
 l - 2 scrolls of amnesia
 m - 9 scrolls of identify
 o - 3 scrolls of remove curse
 r - 3 scrolls of enchant armour
 x - a scroll of magic mapping {unknown}
 F - a scroll of silence {unknown}
Potions
 f - 2 potions of brilliance
 i - a potion of flight
 n - a potion of berserk rage {unknown}
 w - 5 potions of curing
 z - 2 potions of agility
 B - a potion of might {unknown}
 D - a potion of ambrosia
 E - 3 potions of heal wounds
Comestibles
 e - 9 rations {!d}


   Skills:
 - Level 3.7 Fighting
 - Level 2.8 Dodging
 + Level 3.1 Stealth
 * Level 6.5 Spellcasting
 - Level 6.2 Conjurations
 - Level 1.0 Summonings
 - Level 2.0 Translocations
 - Level 2.0 Fire Magic
 - Level 2.0 Air Magic
 + Level 4.9 Poison Magic
 + Level 0.1 Evocations


You had 7 spell levels left.
You knew the following spells:

 Your Spells              Type           Power        Failure   Level  Hunger
a - Magic Dart            Conj           ####         1%          1    None
b - Blink                 Tloc           N/A          4%          2    None
c - Mephitic Cloud        Conj/Pois/Air  ####....     3%          3    #......
d - Conjure Flame         Conj/Fire      ####....     4%          3    #......
e - Call Imp              Summ           ##....       8%          2    None
f - Spider Form           Tmut/Pois      ###          9%          3    #......

Your spell library contained the following spells:

 Spells                   Type           Power        Failure   Level  Hunger


Dungeon Overview and Level Annotations

Branches:
Dungeon (6/12)             Temple (1/1) D:5

Altars:
Ashenzari
Cheibriados
Dithmenos
Elyvilon
Fedhas
Gozag
Kikubaaqudgha
Makhleb
Nemelex Xobeh
Okawaru
Qazlal
Ru
Sif Muna
Trog
Vehumet
Wu Jian
Yredelemnul
Zin

Shops:
D:5 (

Annotations:
D:3 2 transporters, yrara's ghost, amateur DsFi
D:5 1 exclusion


Innate Abilities, Weirdness & Mutations

You have a pair of small antennae on your head.
You are partially covered in large bone plates. (SH +4)
You are significantly more attuned to the shadows.
You regenerate health from kills.
You have large cloven feet.
You possess an exceptional clarity of mind.


Message History

Your crimson imp closely misses the crimson imp.
Your crimson imp misses the crimson imp.
Casting: Mephitic Cloud (safe; 3% risk of failure)
Confirm with . or Enter, or press ? or * to list all spells.
Aiming: Mephitic Cloud (safe; 3% risk of failure)
Press: ? - help, Shift-Dir - straight line, f/p - two-headed ogre
Aim: a two-headed ogre, wielding a +0 giant spiked club and a +0 giant club (lightly wounded)
The ball explodes into a vile cloud!
The stinking cloud engulfs the two-headed ogre but does no damage.
The two-headed ogre is lightly wounded.
The stinking cloud engulfs your crimson imp but does no damage.
Your crimson imp misses the crimson imp.
The two-headed ogre is engulfed in noxious fumes.
Your crimson imp hits the crimson imp but does no damage.
Casting: Mephitic Cloud (safe; 3% risk of failure)
Confirm with . or Enter, or press ? or * to list all spells.
You blink.
Your crimson imp closely misses the crimson imp.
The two-headed ogre hits you with a +0 giant spiked club!
You die...

..... ###.......
..........
..........
########.........
......°@55.......
.....§O○5°.......
##########°....#
##....# ##.##...
#..# ## ###..#
#.O..######
#.##....>. ..


You could see a two-headed ogre, a crimson imp and 2 friendly crimson imps.

Vanquished Creatures
  Sigmund (D:3)
  Duvessa (D:4)
  An orc warrior (D:5)
  A sky beast (D:5)
  A centaur (D:3)
  A phantom (D:4)
  2 ogres
  A big kobold (Sewer)
  A water moccasin zombie (Ossuary)
  A scorpion (D:4)
  Dowan (D:4)
  A crimson imp (D:3)
  A bullfrog zombie (Ossuary)
  3 centaur zombies (Ossuary)
  An orc priest (D:5)
  A hound (D:3)
  Crazy Yiuf (D:5)
  A gnoll shaman (D:4)
  3 jellies
  6 orc wizards
  Jessica (D:3)
  A centaur skeleton (D:6)
  An iguana (D:5)
  11 mummies (Ossuary)
  Ijyb (D:3)
  4 worker ants
  A killer bee zombie (Ossuary)
  4 hound zombies
  A hound skeleton (D:4)
  8 gnolls
  6 adders
  2 oozes
  4 adder zombies (Ossuary)
  3 worms
  5 dart slugs
  7 leopard geckos
  23 orcs
  4 giant cockroaches
  3 goblins
  9 hobgoblins
  8 jackals
  7 kobolds
  5 quokkas
  4 bats
  3 frilled lizards
  A jackal zombie (Ossuary)
  A quokka skeleton (D:4)
  A quokka zombie (Ossuary)
  11 rats
170 creatures vanquished.

Vanquished Creatures (collateral kills)
  A bullfrog (D:6)
  5 mummies (Ossuary)
  A hound skeleton (D:5)
  A river rat (Sewer)
  A giant cockroach (D:5)
  A jackal skeleton (D:5)
10 creatures vanquished.

Vanquished Creatures (others)
  A fungus (D:3)
  3 plants
  2 withered plants (Ossuary)
6 creatures vanquished.

Grand Total: 186 creatures vanquished

Notes
Turn   | Place    | Note
-------+----------+-------------------------------------------
     0 | D:1      | GodsVoicemail the Demonspawn Wizard began the quest for the
                  | Orb.
     0 | D:1      | Reached XP level 1. HP: 13/13 MP: 4/4
   281 | D:1      | Gained mutation: You are slightly more attuned to the
                  | shadows. [demonic ancestry]
   281 | D:1      | Reached XP level 2. HP: 19/19 MP: 4/6
   284 | D:1      | Learned a level 2 spell: Blink
   287 | D:1      | Learned a level 2 spell: Call Imp
   888 | D:1      | Reached XP level 3. HP: 6/24 MP: 0/7
  1064 | D:1      | Learned a level 3 spell: Mephitic Cloud
  1559 | D:2      | Found a shattered altar of Ashenzari.
  1563 | D:2      | Became a worshipper of Ashenzari the Shackled
  2094 | D:3      | Noticed Jessica
  2104 | D:3      | Killed Jessica
  2105 | D:3      | Reached skill level 1 in Poison Magic
  2105 | D:3      | Gained mutation: You regenerate a little health from kills.
                  | [demonic ancestry]
  2105 | D:3      | Reached XP level 4. HP: 30/30 MP: 1/8
  2178 | D:3      | Found a transporter.
  2369 | D:3      | Found a blossoming altar of Fedhas.
  2389 | D:3      | Found a transporter.
  2403 | D:3      | Noticed yrara's ghost (amateur DsFi)
  2483 | D:3      | Noticed a centaur
  2682 | D:3      | Noticed Sigmund
  2809 | D:3      | Gained mutation: You regenerate health from kills. [demonic
                  | ancestry]
  2809 | D:3      | Reached XP level 5. HP: 28/35 MP: 3/10
  3356 | D:4      | Noticed Duvessa
  3495 | D:3      | Learned a level 3 spell: Conjure Flame
  3504 | D:4      | Noticed Dowan
  3597 | D:4      | Found a white marble altar of Elyvilon.
  3597 | D:4      | Found a shadowy altar of Dithmenos.
  3834 | D:4      | Reached XP level 6. HP: 40/41 MP: 9/11
  4076 | D:3      | Noticed Ijyb
  4231 | D:2      | Reached * piety under Ashenzari
  4243 | D:2      | Found a sacrificial altar of Ru.
  5027 | D:4      | Reached skill level 5 in Conjurations
  5188 | D:4      | Gained mutation: You have a pair of small antennae on your
                  | head. [demonic ancestry]
  5188 | D:4      | Reached XP level 7. HP: 46/46 MP: 5/13
  5260 | D:4      | Learned a level 3 spell: Spider Form
  5422 | D:4      | Reached skill level 1 in Translocations
  5723 | D:4      | Killed Dowan
  6438 | D:4      | Killed Duvessa
  6439 | D:4      | Reached skill level 5 in Spellcasting
  6439 | D:4      | Reached skill level 1 in Fire Magic
  6439 | D:4      | Reached skill level 1 in Air Magic
  6688 | D:5      | Entered Level 5 of the Dungeon
  6756 | D:5      | Found Pywobi Igock's Hydra Hut.
  6759 | D:5      | Noticed a seven-headed hydra
  6789 | D:5      | Found a glowing drain.
  6810 | D:5      | Gained mutation: You are partially covered in large bone
                  | plates. (SH +4) [demonic ancestry]
  6810 | D:5      | Reached XP level 8. HP: 48/53 MP: 6/15
  6819 | Sewer    | Entered a sewer
  6997 | Sewer    | Found a white marble altar of Elyvilon.
  7172 | D:5      | Reached skill level 1 in Fighting
  7509 | D:5      | Found a staircase to the Ecumenical Temple.
  7517 | Temple   | Entered the Ecumenical Temple
  7867 | D:5      | Found a runed door.
  8086 | D:3      | Found a burning altar of Makhleb.
  8222 | D:3      | Killed Ijyb
  8254 | D:3      | Gained mutation: You possess an exceptional clarity of
                  | mind. [potion of mutation]
  8254 | D:3      | Gained mutation: You have large cloven feet. [potion of
                  | mutation]
  8265 | D:3      | Killed Sigmund
  8487 | D:3      | Found a transporter.
  8518 | D:3      | Found a burning altar of Makhleb.
  8642 | D:3      | Found a blossoming altar of Fedhas.
  8650 | D:3      | Found a transporter.
  9104 | D:3      | Found a transporter.
  9135 | D:3      | Found a burning altar of Makhleb.
  9259 | D:3      | Found a blossoming altar of Fedhas.
  9267 | D:3      | Found a transporter.
  9707 | D:5      | Noticed Crazy Yiuf
  9712 | D:5      | Killed Crazy Yiuf
  9798 | D:6      | Found a sand-covered staircase.
  9806 | Ossuary  | Entered an ossuary
  9909 | Ossuary  | Gained mutation: You are significantly more attuned to the
                  | shadows. [demonic ancestry]
  9909 | Ossuary  | Reached XP level 9. HP: 63/63 MP: 14/18
 10655 | D:6      | Noticed a two-headed ogre
 10755 | D:6      | Slain by a two-headed ogre

Skill      XL: |  1  2  3  4  5  6  7  8  9 |
---------------+----------------------------+-----
Conjurations   | 2 3 4 5 6 |  6.2
Poison Magic   | 1 2 3 4 |  4.9
Spellcasting   | 4 5 6 |  6.5
Translocations | 1 2 |  2.0
Fire Magic     | 1 2 |  2.0
Air Magic      | 1 2 |  2.0
Fighting       | 3 |  3.7
Dodging        | 2 |  2.8
Stealth        | 3 |  3.1
Summonings     | |  1.0
Evocations     | |  0.1

Action                   |  1- 3 |  4- 6 |  7- 9 || total
-------------------------+-------+-------+-------++-------
Melee: Staff             |     4 |       |       ||     4
       Falchion          |    26 |    57 |       ||    83
       Dagger            |       |       |   112 ||   112
       Flail             |       |       |     9 ||     9
       Unarmed           |       |       |    30 ||    30
Throw: Tomahawk          |       |     1 |    13 ||    14
 Cast: Magic Dart        |    92 |   145 |   210 ||   447
       Mephitic Cloud    |     2 |    18 |    36 ||    56
       Conjure Flame     |       |     2 |    18 ||    20
       Blink             |       |     1 |     5 ||     6
       Call Imp          |       |       |    20 ||    20
       Spider Form       |       |       |     2 ||     2
 Abil: End Transformatio |       |       |     2 ||     2
Evoke: Wand              |       |     5 |     1 ||     6
  Use: Scroll            |     2 |     1 |     9 ||    12
       Potion            |     1 |     2 |     8 ||    11
 Stab: Confused          |     1 |     2 |     3 ||     6
       Paralysed         |       |     7 |       ||     7
       Sleeping          |       |     1 |     1 ||     2
       Distracted        |       |       |     1 ||     1
  Eat: Chunk             |     5 |    19 |    19 ||    43
       Ration            |       |       |     3 ||     3
Armor: Robe              |    13 |    13 |    23 ||    49
       Skin              |       |    10 |     1 ||    11
Dodge: Dodged            |    68 |    55 |   102 ||   225
Block: Other             |       |       |    14 ||    14
